 Dungeon Crawl Stone Soup version 0.16-a0-324-g99bef82 (webtiles) character file.

19 PolkaDot the Caller (level 2, -2/19 HPs)
             Began as a Vampire Summoner on Sept 3, 2014.
             Slain by Sigmund
             ... wielding a +0 scythe
              (12 damage)
             ... on Level 2 of the Dungeon.
             The game lasted 00:03:43 (1046 turns).

PolkaDot the Caller (Vampire Summoner)              Turns: 1046, Time: 00:03:44

HP  -2/19        AC  4     Str  7      XL: 2   Next: 55%
MP   1/4         EV 12     Int 17      God:
Gold 84          SH  0     Dex 14      Spells:  1 memorised,  4 levels left

rFire  . . .     SeeInvis +     (no weapon)
rCold  . . .     Clarity  .     a - +0 robe
rNeg   . . .     rCorr    .     (no shield)
rPois  .         rRot     .     d - +0 helmet
rElec  .         Spirit   .     (no cloak)
SustAb .         Warding  .     e - +0 pair of gloves
rMut   .         Stasis   .     (no boots)
Gourm  .                        (no amulet)
MR     .....                    (no ring)
                                (no ring)

@: regenerating quickly, not resistant to hostile enchantments, unstealthy
A: fangs 3, see invisible, unbreathing
a: no special abilities


You were on level 2 of the Dungeon.
You were very full.

You visited 1 branch of the dungeon, and saw 2 of its levels.

You collected 84 gold pieces.

Inventory:

Missiles
 c - 51 stones (quivered)
Armour
 a - a +0 robe (worn)
 d - a +0 helmet (worn)
 e - a +0 pair of gloves (worn)
Books
 b - a book of Callings

   Spells                             Type                      Level
   *Summon Small Mammal               Summoning                    1
   Call Imp                           Summoning                    2
   Call Canine Familiar               Summoning                    3
   Summon Guardian Golem              Hexes/Summoning              4
   Summon Lightning Spire             Summoning/Air                4
   Summon Ice Beast                   Ice/Summoning                4


   Skills:
 + Level 1.8 Throwing
 - Level 2.1 Dodging
 - Level 3.0 Stealth
 - Level 2.0 Spellcasting
 - Level 4.0 Summonings


You had 4 spell levels left.
You knew the following spells:

 Your Spells              Type           Power        Failure   Level  Hunger
a - Summon Small Mammal   Summ           ###.         3%          1    #......


Dungeon Overview and Level Annotations

Branches:
Dungeon (2/15)

Altars:

Annotations:
D:2 Sigmund


Innate Abilities, Weirdness & Mutations

Your natural rate of healing is unusually fast.
You have razor-sharp teeth.
You have supernaturally acute eyesight.
You can survive without breathing.


Message History

w - Wait here. f - Follow me.
Anything else - Stay silent.
Gang up on whom?
Press: ? - help, Dir - move target cursor, f - Sigmund
Aim: Sigmund, wielding a scythe, wearing a robe and carrying a wand of polymorph {zapped: 1} (slightly transparent) Attack!
What do you say? t - Shout!
Orders for allies: a - Attack new target. p - Attack previous target. r - Retreat! s - Stop attacking. w - Wait here. f - Follow me.
Anything else - Stay silent.
Gang up on whom?
Press: ? - help, Dir - move target cursor, f/p - Sigmund
Aim: Sigmund, wielding a scythe, wearing a robe and carrying a wand of polymorph {zapped: 1} (slightly transparent) Attack!
Sigmund zaps a wand.
Your killer bee falls off the wall.
Your giant mite evaporates and reforms as a killer bee!
Sigmund hits you from afar with a scythe!
Ouch! That really hurt!
You die...

##### ...$ #.. #
#.# ####. #.#
.....#####@#
........bbry#
.........##@#
########.##.##.#
#.##.#....
########@........
#.........#.#...#
#.###.......#
#.###.#...#.##


You could see Sigmund (invisible), a friendly killer bee, a friendly quokka and
2 friendly bats.

Vanquished Creatures
  A giant gecko (D:1)
  3 bats
  A giant cockroach (D:1)
  2 hobgoblins (D:1)
  A kobold (D:1)
  2 ball pythons (D:1)
  3 giant newts (D:1)
  3 rats (D:1)
16 creatures vanquished.

Vanquished Creatures (collateral kills)
  An ooze (D:1)
  A kobold (D:1)
2 creatures vanquished.

Vanquished Creatures (others)
  A quokka (D:1)
1 creature vanquished.

Grand Total: 19 creatures vanquished

Notes
Turn   | Place    | Note
--------------------------------------------------------------
     0 | D:1      | PolkaDot, the Vampire Summoner, began the quest for the Orb.
     0 | D:1      | Reached XP level 1. HP: 13/13 MP: 3/3
   317 | D:1      | Reached skill level 1 in Throwing
   466 | D:1      | Reached XP level 2. HP: 16/19 MP: 4/4
  1020 | D:2      | Noticed Sigmund
  1044 | D:2      | Noticed a killer bee
  1044 | D:2      | a giant mite changed into a killer bee
  1046 | D:2      | Slain by Sigmund

Action                   || total
-------------------------++-------
Melee: Unarmed           ||     8
Throw: Stone             ||    97
 Cast: Summon Small Mamm ||     6
  Use: Potion            ||     1
  Eat: Corpse            ||     7
